 Dungeon Crawl Stone Soup version 0.31-a0-121-g1e386dd289 (webtiles) character file.

Game seed: 13267522085017293819

1691 Essalna the Destroyer (level 9, -4/55 HPs)
             Began as a Tengu Conjurer on June 1, 2023.
             Slain by Pikel
             ... wielding a +0 whip of flaming
              (10 damage)
             ... on level 7 of the Dungeon.
             The game lasted 00:12:58 (8312 turns).

Essalna the Destroyer (Tengu Conjurer)              Turns: 8312, Time: 00:12:58

Health: -4/55      AC:  1    Str:  8    XL:     9   Next: 2%
Magic:  1/13       EV: 15    Int: 22    God:
Gold:   422        SH:  4    Dex: 13    Spells: 9/12 levels left

rFire   . . .        n - +2 dagger (vamp)
rCold   . . .        C - +0 buckler
rNeg    + . .        a - +0 robe
rPois   .            (helmet restricted)
rElec   .            (no cloak)
rCorr   .            (no gloves)
SInv    .            (boots unavailable)
Will    +++..        r - amulet of the Four Winds {rN+ Will+++ Clar}
Stlth   ++           j - ring of wizardry
HPRegen 0.29/turn    (no ring)
MPRegen 0.13/turn

%: clarity, wizardry (x1)
@: flying quickly and evasively, quick
A: beak, talons 3, nimble flight, clarity, deformed body, screaming 1
a: no special abilities


You were on level 7 of the Dungeon.
You visited 2 branches of the dungeon, and saw 8 of its levels.

You collected 422 gold pieces.

Inventory:

Hand Weapons
 n - a +2 vampiric dagger (weapon)
 z - a +2 flail of holy wrath
 B - a +1 trident of venom
Armour
 a - a +0 robe (worn)
 C - a +0 buckler (worn)
Magical Staves
 o - a staff of poison
Jewellery
 d - a ring of ice
 j - a ring of wizardry (left hand)
 r - the amulet of the Four Winds (around neck) {rN+ Will+++ Clar}
   (You took it off Robin on level 3 of the Dungeon)

   [amulet of nothing]

   rN:        It protects you from negative energy.
   Clar:      It protects you from confusion, rage, mesmerisation and fear.
   Will:      It greatly increases your willpower.
 v - a ring of fire
Wands
 e - a wand of polymorph (6)
 h - a wand of roots (6)
 k - a wand of mindburst (16)
 l - a wand of light (6)
 s - a wand of flame (13)
Scrolls
 c - 5 scrolls of identify
 g - 3 scrolls of fog
 u - a scroll of teleportation {unknown}
 w - a scroll of torment {unknown}
 y - a scroll of vulnerability {unknown}
Potions
 b - a potion of magic
 f - a potion of haste
 i - 2 potions of curing {unknown}
 m - 2 potions of lignification {unknown}
 q - 3 potions of degeneration {unknown}
 t - a potion of heal wounds
 x - a potion of enlightenment {unknown}
 A - a potion of brilliance {unknown}


   Skills:
 + Level 6.1 Fighting
 + Level 4.5 Armour
 + Level 5.2 Dodging
 - Level 2.0 Stealth
 + Level 2.0 Shields
 - Level 2.0 Spellcasting
 + Level 9.9 Conjurations


You had 9 spell levels left.
You knew the following spells:

 Your Spells              Type           Power      Damage    Failure   Level
a - Magic Dart            Conj           100%       1d8       1%          1
b - Searing Ray           Conj           92%        2d7       1%          2

Your spell library contained the following spells:

 Spells                   Type           Power      Damage    Failure   Level
 Kiss of Death            Conj/Necr      96%        2d12      1%          1
 Dazzling Flash           Conj/Hex       48%        N/A       3%          3
 Hailstorm                Conj/Ice       24%        3d7       3%          3
 Beastly Appendage        Tmut           4%         N/A       9%          1
 Freeze                   Ice            8%         1d3       9%          1
 Fulminant Prism          Conj/Hex       12%        3d9       12%         4
 Iskenderun's Mystic Bla  Conj/Tloc      24%        2d7       12%         4
 Sublimation of Blood     Necr           2%         N/A       13%         2
 Wereblood                Tmut           2%         N/A       13%         2
 Confusing Touch          Hex            2%         N/A       26%         3
 Frozen Ramparts          Ice            4%         1d1       26%         3
 Spider Form              Tmut/Pois      2%         N/A       26%         3
 Irradiate                Conj/Tmut      12%        3d15      30%         5
 Dispel Undead            Necr           2%         3d7       61%         4
 Petrify                  Tmut/Erth      2%         N/A       61%         4


Dungeon Overview and Level Annotations

Branches:
Dungeon (7/15)             Temple (1/1) D:4

Altars:
Dithmenos
Fedhas
Gozag
Kikubaaqudgha
Nemelex Xobeh
Okawaru
Qazlal
Ru
Sif Muna
Uskayaw
Xom
Yredelemnul
Zin

Shops:
D:4 =

Annotations:
D:7 Pikel


Innate Abilities, Weirdness & Mutations

You have a beak for a mouth.
You have claws for feet.
Your magical nature lets you fly swiftly and evasively.
You possess an exceptional clarity of mind.
Armour fits poorly on your strangely shaped body.
You occasionally shout uncontrollably at your foes.


Message History

Confirm with . or Enter, or press ? or * to list all spells.
Aiming: Searing Ray (safe; 1% risk of failure)
Press: ? - help, Shift-Dir - straight line, f/p - Pikel
Aim: Pikel, wielding a +0 whip of flaming and wearing a +0 robe (heavily wounded, 77% to hit)
The searing ray hits Pikel.
Pikel is severely wounded. (Press . to maintain the ray.) Pikel hits you with a +0 whip of flaming.
Pikel burns you.
The searing ray hits Pikel but does no damage.
Pikel is severely wounded.
Pikel barely misses you.
The searing ray hits Pikel.
Pikel is severely wounded.
The lemure hits you but does no damage.
Pikel hits you with a +0 whip of flaming!
Pikel burns you.
The searing ray hits Pikel.
Pikel is almost dead.
You finish channelling your searing ray.
The lemure barely misses you.
Pikel hits you with a +0 whip of flaming!
Pikel burns you.
Casting: Searing Ray (safe; 1% risk of failure)
Confirm with . or Enter, or press ? or * to list all spells.
Aiming: Searing Ray (safe; 1% risk of failure)
Press: ? - help, Shift-Dir - straight line, f/p - Pikel
Aim: Pikel, wielding a +0 whip of flaming and wearing a +0 robe (almost dead, 77% to hit)
The searing ray hits Pikel.
Pikel is almost dead. (Press . to maintain the ray.)
The lemure hits you!
Pikel hits you with a +0 whip of flaming.
* * * LOW HITPOINT WARNING * * *
Pikel burns you.
* * * LOW HITPOINT WARNING * * *
The searing ray misses Pikel.
The lemure hits you.
* * * LOW HITPOINT WARNING * * *
Pikel hits you with a +0 whip of flaming!
You die...

#####...........
.........(....## .
#.......#.....#.
..#...............
... #..<.[.......
.......#..........
...... #..........
......##K.........
.......@5.........
##..............#.
#..##..#.....#...
#. ........##...
.#.......# ..
..##>....... ..
#.#. .... #..
..##.....


You could see Pikel and a lemure.

Vanquished Creatures
  2 water moccasins (D:6)
  An ice beast (D:5)
  A black bear (D:6)
  An ogre (D:6)
  3 lemures
  A kobold brigand (D:6)
  A phantom (D:4)
  A bullfrog (D:4)
  A gnoll sergeant (D:6)
  3 scorpions (D:6)
  2 wights (D:6)
  4 hounds
  A jelly (D:5)
  2 orc priests
  A gnoll bouda (D:5)
  An iguana (D:6)
  A sleepcap (D:6)
  Ijyb (D:4)
  2 orc wizards
  Robin (D:3)
  8 gnolls
  5 adders
  An ufetubus (D:5)
  3 worms
  A dart slug (D:2)
  9 orcs
  5 bats
  8 endoplasms
  4 giant cockroaches
  12 goblins
  14 hobgoblins
  4 jackals (D:5)
  8 kobolds
  A quokka (D:4)
  3 ball pythons
  3 frilled lizards
  8 rats
128 creatures vanquished.

Vanquished Creatures (collateral kills)
  A wight (D:6)
  A gnoll (D:5)
2 creatures vanquished.

Grand Total: 130 creatures vanquished

Notes
Turn   | Place    | Note
-------+----------+-------------------------------------------
     0 | D:1      | Essalna the Tengu Conjurer began the quest for the Orb.
     0 | D:1      | Reached XP level 1. HP: 10/10 MP: 4/4
   562 | D:1      | Reached skill level 1 in Fighting
   562 | D:1      | Reached XP level 2. HP: 16/16 MP: 4/6
  1209 | D:2      | Reached skill level 6 in Conjurations
  1209 | D:2      | Reached XP level 3. HP: 21/21 MP: 0/7
  1212 | D:2      | Learned a level 2 spell: Searing Ray
  2128 | D:3      | Reached XP level 4. HP: 11/26 MP: 0/8
  2205 | D:3      | Gained mutation: Armour fits poorly on your strangely
                  | shaped body. [potion of mutation]
  2205 | D:3      | Gained mutation: You occasionally shout uncontrollably at
                  | your foes. [potion of mutation]
  2205 | D:3      | Gained mutation: You possess an exceptional clarity of
                  | mind. [potion of mutation]
  2250 | D:3      | Noticed Robin
  2867 | D:4      | Reached skill level 7 in Conjurations
  2867 | D:4      | Gained mutation: Your magical nature lets you fly swiftly
                  | and evasively. [Tengu growth]
  2867 | D:4      | Reached XP level 5. HP: 6/32 MP: 4/9
  3064 | D:4      | Found Silotsap's Jewellery Boutique.
  3064 | D:4      | Noticed a phantom
  3100 | D:4      | Noticed Ijyb
  3109 | D:4      | Killed Ijyb
  3242 | D:4      | Noticed a phantom
  3247 | D:4      | Killed a phantom
  3248 | D:4      | Reached XP level 6. HP: 38/38 MP: 3/10
  3458 | D:3      | Killed Robin
  3736 | D:4      | Reached skill level 8 in Conjurations
  3898 | D:4      | Found a staircase to the Ecumenical Temple.
  3915 | Temple   | Entered the Ecumenical Temple
  4649 | D:5      | Entered Level 5 of the Dungeon
  4737 | D:5      | Reached skill level 1 in Armour
  4742 | D:5      | Reached XP level 7. HP: 44/44 MP: 6/11
  5619 | D:5      | Reached skill level 5 in Fighting
  6142 | D:6      | Reached skill level 9 in Conjurations
  6142 | D:6      | Reached XP level 8. HP: 40/49 MP: 6/12
  6201 | D:6      | Found a hide-covered altar of Uskayaw.
  6835 | D:6      | Found a stormy altar of Qazlal.
  7199 | D:6      | Reached skill level 1 in Shields
  7477 | D:6      | Found a basalt altar of Yredelemnul.
  7543 | D:6      | Found an opulent altar of Gozag.
  7584 | D:6      | Reached skill level 5 in Dodging
  8001 | D:6      | Reached XP level 9. HP: 54/55 MP: 3/13
  8195 | D:7      | Noticed Pikel
  8312 | D:7      | Slain by Pikel

Illustrated notes

Levels and vault maps discovered:
D:1:      wander_arrival_lonely_grave, layout_loops_corners, chequers_jeans
D:2:      layout_basic, serial_park_tiny_pond
D:3:      layout_basic, uniq_robin
D:4:      layout_cave_pods, temple_hall, kennysheep_windowed_goal, uniq_ijyb
D:5:      layout_basic, corexii_checkpoint_a, hangedman_decor_riveting
D:6:      layout_layer_cave, lemuel_round_altar, kennysheep_mini,
          mainiacjoe_overflow_surrounded_room, mainiacjoe_overflow_paths
D:7:      minmay_razor_zed, layout_cave_pools, serial_gnoll_camp,
          gnoll_camp_huts_moat, gnoll_camp_mini_hut, gnoll_camp_mini_doghouse,
          gnoll_camp_mini_hut, roderic_lattice_a, uniq_joseph, uniq_pikel,
          uniq_crazy_yiuf_cottage
Temple:   grunt_temple_mini_profane

Skill      XL: |  1  2  3  4  5  6  7  8 |
---------------+-------------------------+-----
Fighting       | 1 2 3 4 5 6 |  6.1
Conjurations   | 6 7 8 9 |  9.9
Armour         | 1 3 4 |  4.5
Dodging        | 3 5 |  5.2
Shields        | 2 |  2.0
Stealth        | |  2.0
Spellcasting   | |  2.0

Action                     |  1- 3 |  4- 6 |  7- 9 || total
---------------------------+-------+-------+-------++-------
  Melee: Unarmed           |       |    16 |       ||    16
         Kick              |       |     8 |    12 ||    20
         Peck              |       |     4 |     9 ||    13
         Dagger            |       |    13 |    36 ||    49
   Cast: Magic Dart        |    79 |    78 |    97 ||   254
         Searing Ray       |     2 |     8 |    26 ||    36
  Evoke: Wand              |       |     1 |       ||     1
    Use: Scroll            |       |     6 |     3 ||     9
         Potion            |       |     1 |     1 ||     2
 Armour: Robe              |     1 |       |     4 ||     5
  Dodge: Dodged            |     5 |    36 |    84 ||   125
  Block: Buckler           |       |       |     7 ||     7

Table legend: (Time is in decaauts)
 A = Elapsed time spent in this place.
 B = Non-inter-level travel time spent in this place.
 C = Inter-level travel time spent in this place.
 D = Time resting spent in this place.
 E = Time spent auto-exploring this place.
 F = Levels seen in this place.
 G = Mean time per level.
                   A        B        C        D        E       F      G
               +--------+--------+--------+--------+--------+-----+--------+
         Total |   8014 |   7803 |    211 |    246 |   6764 |   8 | 1001.8 |
       Dungeon |   7822 |   7643 |    179 |    246 |   6614 |   7 | 1117.4 |
        Temple |    191 |    160 |     31 |      0 |    150 |   1 |  191.0 |
               +--------+--------+--------+--------+--------+-----+--------+

Top non-repeatable levels by time:
     D:6: 2129 daAuts
     D:5: 1329 daAuts
     D:4: 1257 daAuts
     D:2: 1111 daAuts
     D:1: 1079 daAuts
     D:3: 894 daAuts
  Temple: 191 daAuts
     D:7: 20 daAuts
